 Dungeon Crawl Stone Soup version 0.28-a0-32-g8dfe7f97f6 (webtiles) character file.

Game seed: 11446652598496509073

196 bande the Shield-Bearer (level 5, 0/33 HPs)
             Began as a Gargoyle Fighter on July 28, 2021.
             Slain by Sigmund (2 damage)
             ... on level 2 of the Dungeon.
             The game lasted 00:02:16 (1253 turns).

bande the Shield-Bearer (Gargoyle Fighter)          Turns: 1253, Time: 00:02:17

Health: 0/33       AC: 11    Str: 20    XL:     5   Next: 74%
Magic:  5/5        EV: 11    Int:  8    God:
Gold:   15         SH:  0    Dex: 10    Spells: 4/4 levels left

rFire   . . .      SeeInvis .   a - +0 war axe
rCold   . . .      Faith    .   c - +0 kite shield
rNeg    + . .      Spirit   .   b - +0 scale mail
rPois   ∞          Reflect  .   (no helmet)
rElec   +          Harm     .   (no cloak)
rCorr   .          Rampage  .   (no gloves)
Will    .....                   (no boots)
Stlth   ..........              (no amulet)
HPRegen 0.11/turn               e - +4 ring of evasion
MPRegen 0.09/turn               (no ring)

@: confused, mighty, flying
A: sickness immunity, AC +4, negative energy resistance 1, electricity
resistance, torment resistance 1, petrification resistance
a: no special abilities


You were on level 2 of the Dungeon.
You visited 1 branch of the dungeon, and saw 2 of its levels.

You collected 15 gold pieces.

Inventory:

Hand Weapons
 a - a +0 war axe (weapon)
Armour
 b - a +0 scale mail (worn)
 c - a +0 kite shield (worn)
Jewellery
 e - a +4 ring of evasion (left hand)
 g - an amulet of regeneration
Scrolls
 f - a scroll of teleportation


   Skills:
 + Level 3.9 Fighting
 + Level 3.6 Axes
 + Level 4.1 Armour
 + Level 0.6 Dodging
 + Level 4.3 Shields


You had 4 spell levels left.
You didn't know any spells.
Your spell library was empty.

Dungeon Overview and Level Annotations

Branches:
Dungeon (2/15)

Altars:

Annotations:
D:2 Sigmund


Innate Abilities, Weirdness & Mutations

You are immune to sickness and miasma.
Your stone body is resilient. (AC +4)
You are immune to poison.
You resist negative energy. (rN+)
You are resistant to electric shocks. (rElec)
You are resistant to unholy torment.
You are immune to petrification.


Message History

No target in view!
No target in view!
No target in view!
No target in view!
No target in view!
No target in view!
Something hits you but does no damage.
No target in view!
You block something's attack.
You closely miss something. Something hits you but does no damage.
You completely miss something.
You hear some strange, mumbled words.
Something tries to affect you, but you resist.
Something hits you but does no damage.
You closely miss something. Something hits you but does no damage.
You barely miss something. Something hits you but does no damage.
Something hits you.
You hit something but do no damage. Something hits you.
You miss something.
Something hits you but does no damage. x2
You completely miss something.
You hear some strange, mumbled words.
A magic dart appears from out of thin air!
The magic dart hits you.
You slash something! Something hits you but does no damage. Something hits you!
You closely miss something. Something hits you but does no damage.
You hit something.
You hear some strange, mumbled words.
You are confused.
Something hits you.
You miss something. Something hits you but does no damage. Something hits you!
* * * LOW HITPOINT WARNING * * *
Unknown command.
It was a potion of flight.
You feel very buoyant.
You fly up into the air.
You hear some strange, mumbled words.
Something tries to affect you, but you resist.
You feel very mighty all of a sudden. Something hits you.
You die...

**,** #..⌠...### #. *,,*
##........###### **,*
#.............## *,*
##........⌠.##... *,**
#...........#..⌠. *,,*
##.⌠........##.... **,*
#...........#..... *,*
#.#........##..... *,*
#@###...⌠..#...... *,*
*#{..###...##.⌠.... *,**
#.)⌠...###.#....... *,,*
*#........#####.....
**,**
*..........,*,###...
*,,**#........⌠.**,,,###.
**,**...........*,,⌠,,,##
*,*#.⌠........#*,,,,,,,,
*,,^..........#,,,,,,,,,


There were no monsters in sight!

Vanquished Creatures
  A necrophage (D:2)
  Jessica (D:2)
  Natasha (D:2)
  2 adders (D:2)
  2 endoplasms
  A giant cockroach (D:1)
  4 goblins
  6 hobgoblins
  2 jackals (D:1)
  A quokka (D:2)
  4 ball pythons
  2 bats (D:1)
  2 frilled lizards (D:1)
  4 kobolds
  6 rats
39 creatures vanquished.

Notes
Turn   | Place    | Note
-------+----------+-------------------------------------------
     0 | D:1      | bande the Gargoyle Fighter began the quest for the Orb.
     0 | D:1      | Reached XP level 1. HP: 14/14 MP: 1/1
    79 | D:1      | Reached XP level 2. HP: 19/19 MP: 2/2
   725 | D:1      | Found a faded altar of an unknown god.
   886 | D:2      | Noticed Natasha
   888 | D:2      | Reached XP level 3. HP: 21/23 MP: 3/3
   891 | D:2      | Noticed Jessica
   895 | D:2      | Killed Natasha
   896 | D:2      | Reached XP level 4. HP: 17/28 MP: 4/4
   916 | D:2      | Killed Jessica
  1048 | D:2      | Noticed a necrophage
  1064 | D:2      | Killed a necrophage
  1065 | D:2      | Reached XP level 5. HP: 18/33 MP: 5/5
  1231 | D:2      | Noticed Sigmund
  1253 | D:2      | Slain by Sigmund

Illustrated notes

Levels and vault maps discovered:
D:1:      eino_arrival_cavern_b, layout_basic,
          shapermc_ecumenical_altar_hornbeckon
D:2:      minmay_skewed_foursquare, layout_basic, uniq_terence, uniq_jessica,
          uniq_sigmund, uniq_natasha

Skill      XL: |  1  2  3  4 |
---------------+-------------+-----
Axes           | 2 3 |  3.6
Shields        | 4 |  4.3
Armour         | 4 |  4.1
Fighting       | |  3.9
Dodging        | |  0.6

Action                   |  1- 3 |  4- 6 || total
-------------------------+-------+-------++-------
Melee: War axe           |    62 |    50 ||   112
  Use: Scroll            |     5 |       ||     5
       Potion            |       |     2 ||     2
Armor: Scale mail        |    28 |    25 ||    53
Dodge: Dodged            |    18 |    16 ||    34
Block: Kite shield       |    29 |    27 ||    56

Table legend: (Time is in decaauts)
 A = Elapsed time spent in this place.
 B = Non-inter-level travel time spent in this place.
 C = Inter-level travel time spent in this place.
 D = Time resting spent in this place.
 E = Time spent auto-exploring this place.
 F = Levels seen in this place.
 G = Mean time per level.
                   A        B        C        D        E       F      G
               +--------+--------+--------+--------+--------+-----+--------+
         Total |   1329 |   1329 |      0 |    201 |    799 |   2 |  664.5 |
       Dungeon |   1329 |   1329 |      0 |    201 |    799 |   2 |  664.5 |
               +--------+--------+--------+--------+--------+-----+--------+

Top non-repeatable levels by time:
     D:1: 844 daAuts
     D:2: 484 daAuts
